 Dungeon Crawl Stone Soup version 0.20-a0-495-g2241292 (webtiles) character file.

18 M4edhros the Grave Robber (level 2, -3/17 HPs)
             Began as an Octopode Necromancer on Jan 19, 2017.
             Slain by a wight
             ... wielding a +3 mace
              (4 damage)
             ... on level 3 of the Dungeon.
             The game lasted 00:01:52 (439 turns).

M4edhros the Grave Robber (Octopode Necromancer)     Turns: 439, Time: 00:01:53

Health: -3/17      AC:  1    Str:  7    XL:     2   Next: 70%
Magic:  5/5        EV: 19    Int: 17    God:
Gold:   6          SH:  0    Dex: 17    Spells: 4/5 levels left

rFire    . . .     SeeInvis +   d - +2 dagger (flame)
rCold    . . .     Gourm    .   (no shield)
rNeg     . . .     Faith    .   (helmet restricted)
rPois    +         Spirit   .   (no amulet)
rElec    .         Reflect  .   f - ring of poison resistance
rCorr    .         Harm     .   g - ring of see invisible
MR       .....                  (no ring)
Stlth    ++++......             (no ring)
Regen    0.1/turn               (no ring)
                                (no ring)
                                (no ring)
                                (no ring)

@: agile
A: almost no armour, stealthy swim, amphibious, 8 rings, constrict 8, camouflage
1, gelatinous body 1
a: no special abilities


You were on level 3 of the Dungeon.
You were not hungry.

You visited 1 branch of the dungeon, and saw 3 of its levels.

You collected 6 gold pieces.

Inventory:

Hand Weapons
 d - a +2 dagger of flaming (weapon)
Missiles
 l - 28 sling bullets
Jewellery
 f - a ring of poison resistance (left tentacle)
 g - a ring of see invisible (right tentacle)
Scrolls
 c - a scroll of teleportation {unknown}
 e - a scroll of noise {unknown}
 h - a scroll of fog {unknown}
 i - a scroll of immolation {unknown}
 m - a scroll of magic mapping {unknown}
Potions
 j - 2 potions of agility
 k - 2 potions of lignification {unknown}
Books
 a - a book of Necromancy

   Spells                             Type                      Level
   a - Pain                           Necromancy                   1
   b - Animate Skeleton               Necromancy                   1
   c - Vampiric Draining              Necromancy                   3
   d - Regeneration                   Charms/Necromancy            3
   e - Animate Dead                   Necromancy                   4
   f - Control Undead                 Necromancy                   4
Comestibles
 b - 2 bread rations


   Skills:
 - Level 2.0 Dodging
 - Level 2.6 Stealth
 + Level 2.2 Unarmed Combat
 - Level 2.0 Spellcasting
 - Level 4.0 Necromancy


You had 4 spell levels left.
You knew the following spells:

 Your Spells              Type           Power        Failure   Level  Hunger
a - Pain                  Necr           ###.         3%          1    #......


Dungeon Overview and Level Annotations

Branches:
Dungeon (3/15)

Altars:


Innate Abilities, Weirdness & Mutations

You cannot wear most types of armour.
You are very stealthy in the water. (Stealth+)
You are amphibious.
You can wear up to eight rings at the same time.
You can use your tentacles to constrict eight enemies at once.
Your skin changes colour to match your surroundings (Stealth+).
Your rubbery body absorbs attacks. (AC +1, EV +1)


Message History

You see here a ring mail.
There is a stone staircase leading up here.
It was a potion of agility.
You feel agile all of a sudden.
You barely miss the wight. You grab the wight.
You tentacle-slap the wight, but do no damage.
You squeeze the wight.
The wight is severely damaged.
You constrict the wight, but do no damage.
The wight barely misses you.
You hit the wight. You burn the wight.
The wight is almost destroyed.
You constrict the wight, but do no damage.
The wight hits you with an enchanted mace!
* * * LOW HITPOINT WARNING * * *
You hit the wight but do no damage.
The wight is almost destroyed.
You constrict the wight, but do no damage.
The wight hits you with an enchanted mace.
You die...

#..# #.z #
#z. #.#..
.#.## ...
#.###########
#.#@z.....z.#
#[#########.#
#.# #.#
#.#########.#
#...........#
#############


You could see 2 wights.

Vanquished Creatures
  An ooze (D:1)
  3 giant cockroaches (D:1)
  A hobgoblin (D:1)
  2 jackals (D:2)
  3 kobolds (D:1)
  2 frilled lizards (D:1)
  A rat (D:1)
13 creatures vanquished.

Notes
Turn   | Place    | Note
-------+----------+-------------------------------------------
     0 | D:1      | M4edhros the Octopode Necromancer began the quest for the Orb.
     0 | D:1      | Reached XP level 1. HP: 11/11 MP: 3/3
    61 | D:1      | Reached skill level 1 in Unarmed Combat
   174 | D:1      | Reached XP level 2. HP: 9/17 MP: 5/5
   408 | D:3      | Noticed a wight
   411 | D:3      | Noticed a wight
   411 | D:3      | Noticed a wight
   439 | D:3      | Slain by a wight

Vault maps used:
D:1:      dpeg_arrival_short_road
D:2:      yredelemnul_altar_generic,
          nicolae_gozag_cash_rules_everything_around_me, uniq_terence
D:3:      minmay_surrounded

Skill      XL: |  1  2 |
---------------+-------+-----
Unarmed Combat | 1 2 |  2.2
Dodging        | |  2.0
Stealth        | |  2.6
Spellcasting   | |  2.0
Necromancy     | |  4.0

Action                   || total
-------------------------++-------
Melee: Unarmed           ||     6
       Dagger            ||    15
       Constrict         ||     4
       Tentacles         ||     2
       Punch             ||     1
 Cast: Pain              ||    10
  Use: Potion            ||     1
 Stab: Sleeping          ||     1
Armor: Skin              ||     1
Dodge: Dodged            ||     8
